 Dungeon Crawl Stone Soup version 0.31.0-7-gf635a9b802 (webtiles) character file.

Game seed: 14837965607806948957

1 monsoonserge the Grasshopper (level 1, 0/16 HPs)
             Began as a Demonspawn Warper on Jan 23, 2024.
             Constricted to death by a ball python (1 damage)
             ... on level 1 of the Dungeon.
             The game lasted 00:00:21 (21 turns).

monsoonserge the Grasshopper (Demonspawn Warper)      Turns: 21, Time: 00:00:22

Health: 0/16       AC:  3    Str: 11    XL:     1   Next: 16%
Magic:  3/3        EV:  8    Int: 13    God:
Gold:   0          SH:  0    Dex: 12    Spells: 4/4 levels left

rFire   . . .        a - +0 mace
rCold   . . .        (no shield)
rNeg    . . .        b - +0 leather armour
rPois   .            (no helmet)
rElec   .            (no cloak)
rCorr   .            (no gloves)
SInv    .            (no boots)
Will    .....        (no amulet)
Stlth   +            (no ring)
HPRegen 0.22/turn    (no ring)
MPRegen 0.08/turn

%: no passive effects
@: constricted
A: no striking features
a: no special abilities


You were on level 1 of the Dungeon.
You visited 1 branch of the dungeon, and saw 1 of its levels.

Inventory:

Hand Weapons
 a - a +0 mace (weapon)
Missiles
 d - 7 darts of dispersal (quivered)
Armour
 b - a +0 leather armour (worn)
Scrolls
 c - a scroll of blinking


   Skills:
 + Level 2.0 Fighting
 + Level 1.7 Maces & Flails
 + Level 0.8 Throwing
 + Level 1.1 Armour
 + Level 1.7 Dodging
 - Level 2.0 Spellcasting
 + Level 2.6 Translocations


You had 4 spell levels left.
You didn't know any spells.
Your spell library contained the following spells:

 Spells                   Type           Power      Damage    Failure   Level
 Blink                    Tloc           16%        N/A       17%         2
 Lesser Beckoning         Tloc           16%        N/A       17%         2
 Teleport Other           Tloc           8%         N/A       32%         3
 Manifold Assault         Tloc           8%         N/A       73%         4
 Vhi's Electric Charge    Tloc/Air       8%         N/A       88%         4


Dungeon Overview and Level Annotations

Branches:
Dungeon (1/15)

Altars:


Message History

The ball python constricts you.
There is an open door here.
You escape the ball python's grasp.
You closely miss the ball python. The ball python bites you.
The ball python closely misses you.
The ball python bites you but does no damage.
The ball python closely misses you.
You hit the ball python.
The ball python is moderately wounded.
The ball python bites you. The ball python grabs you.
The ball python constricts you.
The ball python bites you but does no damage.
The ball python bites you. The ball python constricts you.
The ball python closely misses you.
You hit the ball python.
The ball python is severely wounded.
The ball python bites you but does no damage.
The ball python constricts you. The ball python barely misses you.
Press: ? - help, v - describe, . - travel
Here: a ball python (severely wounded, constricting you)
The floor.
You barely miss the ball python.
The ball python is severely wounded.
The ball python bites you. The ball python constricts you.
The ball python bites you but does no damage. x2
The ball python constricts you. The ball python bites you.
* * * LOW HITPOINT WARNING * * *
Unknown command.
You sock the ball python!
You kill the ball python!
The ball python barely misses you. The ball python grabs you.
The ball python constricts you.
* * * LOW HITPOINT WARNING * * *
Your Armour skill increases to level 1!
Unknown command.
You hit the ball python but do no damage.
The ball python bites you.
* * * LOW HITPOINT WARNING * * *
The ball python constricts you.
You die...

≈≈≈≈~....~~≈≈≈≈≈≈
~~~~~....~~~≈≈≈≈≈≈
.~~~~?..~~≈≈≈≈≈≈≈≈
(~~~....~~≈≈≈≈≈≈≈≈
........~~~≈≈~≈≈≈
.........~~~~≈≈≈≈
~~~......Sg~~#####
≈~~~~~......##...##
≈≈≈~≈~~.....#@....#
≈≈≈≈≈≈~~...lS..<>.#
≈≈≈≈≈≈≈~....#.....#
≈≈≈≈≈≈~~....##...##
≈≈≈≈≈≈≈~~....#####
~~~≈~≈~~~....~~
~~~~~~~~.....~~~
~~~~~........~~
...........


You could see a ball python and a frilled lizard.

Vanquished Creatures
  A ball python (D:1)
1 creature vanquished.

Notes
Turn   | Place    | Note
-------+----------+-------------------------------------------
     0 | D:1      | monsoonserge the Demonspawn Warper began the quest for the
                  | Orb.
     0 | D:1      | Reached XP level 1. HP: 16/16 MP: 3/3
    21 | D:1      | Reached skill level 1 in Armour
    21 | D:1      | Constricted to death by a ball python

Illustrated notes

Levels and vault maps discovered:
D:1:      minmay_arrival_shoal_huts, layout_loops_ring,
          chequers_ecumenical_altar_simple

Skill      XL: |  1 |
---------------+----+-----
Armour         | 1 |  1.1
Fighting       | |  2.0
Maces & Flails | |  1.7
Throwing       | |  0.8
Dodging        | |  1.7
Spellcasting   | |  2.0
Translocations | |  2.6

Action                     || total
---------------------------++-------
  Melee: Mace              ||     6
 Armour: Leather armour    ||    12
  Dodge: Dodged            ||     5
